 Dungeon Crawl Stone Soup version 0.18-a0-1730-g73f0523 (webtiles) character file.

597 4thArraOfDagon the Skirmisher (level 7, 0/66 HPs)
             Began as a Hill Orc Wanderer on Apr 10, 2016.
             Was a Follower of the Shining One.
             Slain by a centaur zombie (5 damage)
             ... on level 6 of the Dungeon.
             The game lasted 00:09:42 (1596 turns).

4thArraOfDagon the Skirmisher (Hill Orc Wanderer)   Turns: 1596, Time: 00:09:43

Health: 0/66       AC:  5    Str: 15    XL:     7   Next: 40%
Magic:  7/7        EV: 10    Int: 13    God:    the Shining One [*.....]
Gold:   123        SH:  0    Dex: 11    Spells: 0 memorised, 6 levels left

rFire  . . .     SeeInvis .     p - +0 hand axe
rCold  . . .     Gourm    .     o - -1 ring mail (curse)
rNeg   . . .     Faith    .     (no shield)
rPois  .         Spirit   .     (no helmet)
rElec  .         Dismiss  .     k - +0 cloak (curse)
rCorr  .         Reflect  .     (no gloves)
SustAt +         Harm     .     (no boots)
MR     .....                    (no amulet)
Stlth  +.........               C - ring of stealth
                                D - ring of sustain attributes (curse)

@: exhausted, slowed, glowing, very slow, not resistant to hostile enchantments,
very unstealthy
A: no striking features
a: Renounce Religion


You were on level 6 of the Dungeon.
You worshipped the Shining One.
The Shining One was aware of your devotion.
You were very hungry.

You visited 1 branch of the dungeon, and saw 6 of its levels.

You collected 123 gold pieces.

Inventory:

Hand Weapons
 a - a +2 hand crossbow
 e - a +0 dagger
 p - a +0 hand axe (weapon)
Missiles
 b - 20 bolts
Armour
 d - a +0 ring mail
 g - a +0 chain mail
 k - a cursed +0 cloak (worn)
 o - a cursed -1 ring mail (worn)
Jewellery
 w - an uncursed ring of flight
 C - a ring of stealth (right hand)
 D - a cursed ring of sustain attributes (left hand)
Wands
 r - a wand of slowing (23/48)
Scrolls
 h - a scroll of amnesia
 s - a scroll of noise {unknown}
 u - a scroll of enchant weapon {unknown}
 v - a scroll of fear {unknown}
 x - a scroll of enchant armour {unknown}
 y - a scroll of random uselessness {unknown}
Potions
 t - a potion of resistance
 z - a potion of agility
Comestibles
 f - a bread ration
 i - a slice of pizza
 m - a beef jerky
 n - 3 fruits
 q - 2 meat rations
 A - 2 chunks of flesh


   Skills:
 - Level 7.4 Fighting
 * Level 7.0 Axes
 - Level 1.7 Crossbows
 - Level 1.1 Armour
 - Level 1.5 Stealth
   Level 1.1 Shields
 - Level 1.0 Evocations


You had 6 spell levels left.
You didn't know any spells.

Dungeon Overview and Level Annotations

Branches:
Dungeon (6/15)
 Temple: D:4-7

Altars:
Nemelex Xobeh
Xom
The Shining One


Message History

You are no longer poisoned.
You are too injured to fight recklessly!
You are too injured to fight recklessly!
You are feeling hungry.
You slash the centaur zombie!
You are no longer berserk.
You are exhausted.
You feel yourself slow down.
You are feeling very hungry.
You hit the centaur zombie. The centaur zombie closely misses you.
The centaur zombie hits you.
* * * LOW HITPOINT WARNING * * *
You slash the centaur zombie!
The centaur zombie hits you but does no damage. x2
Unknown command.
Drink which item? (? for menu, Esc to quit)
You feel better. The centaur zombie hits you.
* * * LOW HITPOINT WARNING * * *
The centaur zombie hits you.
You die...

#.....#
#########.....##
###.<[..........
.#######.............#
#........#######...
#.........## .
#....))[...##
##.......%..##
#......@.....#
#......Z......#
................
##..............
#...#..........
##...#.........
#.............
##............


You could see a centaur zombie.

Vanquished Creatures
  A centaur (D:5)
  A crimson imp (D:5)
  A centaur zombie (D:5)
  A jelly (D:6)
  2 hounds (D:5)
  2 orc priests
  Terence (D:2)
  An iguana (D:5)
  A worker ant (D:4)
  3 orc wizards
  A hound skeleton (D:5)
  A howler monkey skeleton (D:4)
  4 adders
  An ooze (D:1)
  2 worms
  3 giant geckos
  20 orcs
  2 giant cockroaches
  5 goblins
  4 hobgoblins
  8 jackals
  2 bats (D:3)
  A giant gecko zombie (D:5)
  4 giant newts
  3 kobolds
  6 rats
81 creatures vanquished.

Notes
Turn   | Place    | Note
--------------------------------------------------------------
     0 | D:1      | 4thArraOfDagon the Hill Orc Wanderer began the quest for the Orb.
     0 | D:1      | 4thArraOfDagon set off with: a +2 hand crossbow, 27 bolts, a potion of lignification, a +0 ring mail, a +0 dagger, a bread ration
     0 | D:1      | Reached XP level 1. HP: 19/19 MP: 1/1
    23 | D:1      | Reached XP level 2. HP: 27/27 MP: 2/2
   167 | D:2      | Noticed Terence
   182 | D:2      | Killed Terence
   182 | D:2      | Reached skill level 5 in Fighting
   182 | D:2      | Reached XP level 3. HP: 32/36 MP: 3/3
   313 | D:3      | Reached XP level 4. HP: 41/44 MP: 4/4
   394 | D:3      | Reached XP level 5. HP: 51/51 MP: 5/5
   486 | D:3      | Found a sparkling altar of Nemelex Xobeh.
   503 | D:3      | You fall through a shaft for 3 floors!
   514 | D:6      | Found a glowing golden altar of the Shining One.
   521 | D:6      | Became a worshipper of the Shining One
   534 | D:6      | Noticed an orc warrior
   596 | D:6      | :(
   688 | D:6      | WHERE'
   743 | D:6      | ::(
   775 | D:5      | Entered Level 5 of the Dungeon
   807 | D:4      | Noticed an ogre
   897 | D:5      | Noticed a centaur
   907 | D:5      | Killed a centaur
   907 | D:5      | Reached XP level 6. HP: 39/60 MP: 6/6
  1046 | D:4      | Found a shimmering altar of Xom.
  1248 | D:4      | Reached skill level 5 in Axes
  1330 | D:2      | Reached * piety under the Shining One
  1473 | D:5      | BAD
  1483 | D:5      | Reached XP level 7. HP: 41/66 MP: 7/7
  1594 | D:6      | HP: 3/66 [centaur zombie (6)]
  1596 | D:6      | Slain by a centaur zombie

Vault maps used:
D:1:      lightli_arrival_lavapool, serial_forest, infiniplex_forest_diagonal,
          infiniplex_forest_lined_room_, infiniplex_forest_end_double,
          infiniplex_forest_clump_diagonal, infiniplex_forest_lined_corner
D:2:      first_bread, grunt_ministairs_3, uniq_terence
D:3:      overflow_temple_1_default
D:4:      old_standard_altar, grunt_ministairs_11
D:5:      lemuel_doored_altar, serial_glass, glass_columns_a, glass_columns_a
D:6:      tso_altar, nicolae_overflow_crystal_walls,
          minmay_temple_entry_enclosed_plants, lightli_sewer_entry_pipes

Skill      XL: |  1  2  3  4  5  6  7 |
---------------+----------------------+-----
Fighting       | 4 5 6 7 |  7.4
Axes           | 3 5 7 |  7.0
Crossbows      | |  1.7
Armour         | |  1.1
Stealth        | |  1.5
Shields        | |  1.1
Evocations     | |  1.0

Action                   |  1- 3 |  4- 6 |  7- 9 || total
-------------------------+-------+-------+-------++-------
Melee: Hand crossbow     |     3 |       |       ||     3
       Hand axe          |       |    81 |    39 ||   120
 Fire: Hand crossbow     |    50 |    69 |       ||   119
Evoke: Wand              |       |     3 |       ||     3
  Use: Scroll            |       |     3 |     2 ||     5
       Potion            |       |     3 |     2 ||     5
  Eat: Chunk             |       |     2 |       ||     2
